Map: 赛博森林-天梯版

Players

Reynor - Winner!

  • Race: Zerg Zerg

iAsonu

  • Race: Zerg Zerg

Event: WESG 2018 Grand Finals

VOD

Have the link to the VOD?

Description

Time

  • Played on: March 12, 2019, 6:15 a.m.
  • Length: 6:51

All games in this series

Show
View Real Time Build Order
Export as new Build Order

Reynor Zerg - Winner!

Build Orders: Pool First 

Get SALT Encoding   

  12  0:17  Spawning Pool  
  11  0:22  Drone  
  11  0:27  Drone  
  13  0:31  Drone  
  14  0:40  Overlord  
  14  1:03  Zergling x4  
  16  1:05  Zergling x2  
  17  1:16  Zergling x2  
  18  1:18  Hatchery  
  17  1:26  Zergling x2  
  18  1:37  Zergling x2  
  18  1:38  Queen  
  21  1:48  Overlord  
  21  1:58  Drone  
  22  2:09  Drone  
  22  2:14  Queen  
  25  2:20  Drone  
  22  2:33  Zergling x4  
  22  2:34  Queen  
  24  2:41  Drone x2  
  26  2:45  Drone, Extractor  
  26  2:46  Drone  
  26  2:50  Zergling x2  
  28  2:53  Drone  
  28  2:55  Drone  
  30  3:04  Drone  
  32  3:05  Drone  
  32  3:13  Overlord  
  34  3:26  Evolution Chamber  
  31  3:27  Drone  
  31  3:28  Roach Warren, Drone  
  31  3:31  Drone  
  33  3:34  Drone  
  33  3:37  Drone  
  33  3:40  Drone  
  36  3:47  Metabolic Boost  
  36  3:54  Evolution Chamber  
  35  3:58  Zergling x6  
  38  4:03  Zergling x6  
  38  4:07  Zergling x4  
  43  4:11  Overlord  
  43  4:17  Zergling x2  
  43  4:20  Overlord  
  43  4:30  Zergling x4, Drone x3  
  43  4:31  Zergling x2  
  49  4:35  Zergling x4  
  50  4:40  Zergling x4  
  52  4:47  Zergling x4  
  52  4:51  Drone x3  
  57  4:57  Overlord  
  57  5:05  Overlord  
  57  5:10  Drone x2  
  57  5:11  Overlord  
  63  5:21  Roach x3, Baneling Nest  
  63  5:27  Roach  
  66  5:30  Zergling x6, Extractor  
  68  5:38  Roach  
  70  5:42  Zergling x2  
  70  5:45  Zergling x4  
  70  5:46  Zergling x8  
  72  5:54  Roach  
  66  6:01  Roach  
  66  6:03  Queen  
  67  6:07  Baneling x3  
  67  6:08  Zergling x2  
  66  6:11  Zergling x2  
  66  6:14  Baneling  
  66  6:15  Zergling x8  
  71  6:21  Roach x2, Zergling x2  
  71  6:24  Zergling x2  
  73  6:30  Roach  
Show
View Real Time Build Order
Export as new Build Order

iAsonu Zerg 

Build Orders: Hatch First 

Get SALT Encoding   

  12  0:00  Drone  
  13  0:12  Overlord  
  13  0:17  Drone  
  14  0:31  Drone x2  
  16  0:49  Hatchery  
  15  0:51  Drone  
  15  0:55  Drone  
  17  1:09  Spawning Pool  
  16  1:13  Extractor  
  16  1:14  Drone  
  16  1:17  Drone  
  17  1:20  Drone  
  18  1:29  Drone  
  19  1:56  Zergling x4  
  19  2:00  Queen, Zergling x2  
  24  2:01  Zergling x2  
  27  2:23  Overlord  
  25  2:42  Hatchery  
  25  2:43  Drone x2  
  26  2:45  Drone  
  26  2:49  Drone  
  28  2:55  Drone  
  29  2:59  Metabolic Boost  
  29  3:11  Drone  
  30  3:13  Overlord  
  30  3:27  Hatchery  
  29  3:31  Drone  
  29  3:33  Drone  
  31  3:37  Drone  
  32  3:44  Queen  
  34  3:51  Drone  
  34  3:53  Drone  
  36  3:58  Drone x2  
  38  4:03  Drone  
  38  4:06  Drone  
  38  4:08  Drone  
  41  4:11  Drone x2  
  41  4:14  Drone  
  44  4:18  Overlord  
  44  4:22  Evolution Chamber  
  43  4:24  Drone  
  43  4:27  Extractor  
  43  4:28  Extractor  
  42  4:33  Drone  
  42  4:34  Drone  
  43  4:43  Roach Warren  
  43  4:45  Drone x4  
  46  4:48  Overlord, Zerg Missile Weapons Level 1  
  46  4:54  Zergling x6  
  46  4:58  Zergling x4  
  51  5:03  Zergling x4  
  51  5:06  Overlord  
  53  5:10  Zergling x4  
  53  5:13  Zergling x2  
  53  5:14  Zergling x2  
  57  5:16  Zergling x4  
  57  5:20  Zergling x2  
  57  5:21  Zergling x2  
  60  5:29  Zergling x6  
  61  5:38  Zergling x10  
  64  5:46  Zergling x4  
  57  5:51  Zergling x8  
  51  5:57  Zergling x4  
  51  6:04  Roach  
  53  6:06  Spine Crawler x2  
  53  6:07  Roach x2  
  55  6:12  Roach  
  59  6:21  Roach x2  
  59  6:31  Roach x3  
Tags
 
Add a new tag
Caveats
  • Supply blocks, unpowered buildings, or Contaminate may cause inaccurate times.
  • Supply counts are checked every 10 seconds.